 Dungeon Crawl Stone Soup version 0.25-a0-42-g6c54e25894 (webtiles) character file.

Game seed: 6568244489711480235, levelgen mode: deterministic

201 Johnny the Poker (level 5, -19/45 HPs)
             Began as a Demigod Gladiator on Oct 22, 2019.
             Demolished by an ogre
             ... wielding a +0 giant club
              (31 damage)
             ... on level 4 of the Dungeon.
             The game lasted 00:02:45 (3045 turns).

Johnny the Poker (Demigod Gladiator)                Turns: 3045, Time: 00:02:45

Health: -19/45     AC:  9    Str: 19    XL:     5   Next: 25%
Magic:  7/7        EV:  8    Int: 12    God:
Gold:   171        SH:  0    Dex: 17    Spells: 4/4 levels left

rFire    . . .     SeeInvis .   a - +0 trident
rCold    . . .     Gourm    .   (no shield)
rNeg     . . .     Faith    .   q - +0 chain mail
rPois    .         Spirit   .   c - +0 helmet
rElec    .         Reflect  .   (no cloak)
rCorr    .         Harm     .   (no gloves)
MR       +....                  (no boots)
Stlth    ..........             (no amulet)
HPRegen  0.15/turn              m - ring of protection from magic
MPRegen  0.10/turn              (no ring)

@: confused
A: high mp 1
a: no special abilities


You were on level 4 of the Dungeon.
You were not hungry.

You visited 1 branch of the dungeon, and saw 4 of its levels.

You collected 171 gold pieces.

Inventory:

Hand Weapons
 a - a +0 trident (weapon)
Missiles
 d - 3 throwing nets (quivered)
Armour
 c - a +0 helmet (worn)
 q - a +0 chain mail (worn)
Jewellery
 m - a ring of protection from magic (left hand)
Scrolls
 e - 2 scrolls of identify
 h - 2 scrolls of magic mapping
 i - 2 scrolls of teleportation
 k - a scroll of remove curse
 o - a scroll of noise {unknown}
 s - a scroll of random uselessness {unknown}
Potions
 b - a potion of berserk rage
 g - 2 potions of brilliance {unknown}
 j - a potion of ambrosia
 l - 2 potions of invisibility {unknown}
 n - 3 potions of curing {unknown}
 p - 3 potions of agility {unknown}
 r - a potion of degeneration {unknown}
 t - a potion of mutation {unknown}
 v - a potion of might {unknown}
Comestibles
 f - 12 rations
 u - a chunk of flesh


   Skills:
 + Level 3.3 Fighting
 * Level 4.9 Polearms
 - Level 1.7 Throwing
 - Level 2.6 Dodging


You had 4 spell levels left.
You didn't know any spells.
Your spell library was empty.

Dungeon Overview and Level Annotations

Branches:
Dungeon (4/15)
 Temple: D:4-7

Annotations:
D:4 2 runed translucent doors, Dycilia's ghost, amateur DsGl; Eustachio


Innate Abilities, Weirdness & Mutations

You have an increased reservoir of magic. (+10% MP)


Message History

Eustachio gestures wildly while chanting.
You are too injured to fight recklessly!
You are too injured to fight recklessly!
You are too injured to fight recklessly!
You are too injured to fight recklessly!
You are too injured to fight recklessly!
You are too injured to fight recklessly!
You are too injured to fight recklessly!
You are too injured to fight recklessly!
You are too injured to fight recklessly!
The bat barely misses you.
There is an open door here.
The bat barely misses you.
You are confused.
You feel invigorated. The bat hits you but does no damage.
Eustachio gestures wildly while chanting.
You're too confused to move!
The ogre hits you with a +0 giant club!!
Ouch! That really hurt!
You die...

#....+ #..b@#
#....# #....#
#....# #....#
#..b.# ###O##
###@#
#...########
#...'.......
#...########
#####...####
#..........#
#..........#
#..........#####
+..........รท..<#


You could see Eustachio, an ogre and 2 bats.

Vanquished Creatures
  A hound (D:4)
  An orc wizard (D:3)
  A worker ant (D:4)
  5 adders
  An ooze (D:3)
  A worm (D:2)
  2 dart slugs
  An orc (D:3)
  6 giant cockroaches
  8 goblins
  6 hobgoblins
  2 jackals (D:3)
  A quokka (D:3)
  8 bats
  7 frilled lizards
  12 kobolds
  2 rats (D:1)
65 creatures vanquished.

Notes
Turn   | Place    | Note
-------+----------+-------------------------------------------
     0 | D:1      | Johnny the Demigod Gladiator began the quest for the Orb.
     0 | D:1      | Reached XP level 1. HP: 17/17 MP: 3/3
    98 | D:1      | Reached skill level 3 in Polearms
   151 | D:1      | Reached XP level 2. HP: 13/24 MP: 4/4
   724 | D:2      | Reached XP level 3. HP: 14/30 MP: 5/5
   953 | D:2      | Reached skill level 4 in Polearms
  1017 | D:2      | Found an opulent altar of Gozag.
  1092 | D:2      | Found an ancient bone altar of Kikubaaqudgha.
  1246 | D:2      | Found a shimmering altar of Xom.
  1398 | D:2      | Reached XP level 4. HP: 35/37 MP: 6/6
  2808 | D:4      | Reached XP level 5. HP: 43/45 MP: 7/7
  2999 | D:4      | Found a large runed translucent door.
  3000 | D:4      | Found a large runed translucent door.
  3003 | D:4      | Noticed Dycilia's ghost (amateur DsGl)
  3032 | D:4      | Noticed an ogre
  3035 | D:4      | Noticed Eustachio
  3038 | D:4      | HP: 1/45 [ogre/+0 giant club (24)]
  3045 | D:4      | Demolished by an ogre

Levels and vault maps discovered:
D:1:      saegor_arrival_under_anarchy, layout_basic, grunt_decor_resistance
D:2:      layout_loops_ring, grunt_gozag_statues, lemuel_doored_altar,
          kiku_gazebo_pond_becter, first_ration, kennysheep_another_room
D:3:      layout_loops_cross
D:4:      layout_basic, kennysheep_mini, lemuel_crystal_altar,
          ebering_ghost_disaster_area, minmay_ruptured, uniq_eustachio

Skill      XL: |  1  2  3  4 |
---------------+-------------+-----
Fighting       | 2 3 |  3.3
Polearms       | 3 4 |  4.9
Throwing       | |  1.7
Dodging        | |  2.6

Action                   |  1- 3 |  4- 6 || total
-------------------------+-------+-------++-------
Melee: Trident           |   158 |    94 ||   252
  Use: Scroll            |       |     6 ||     6
       Potion            |       |     1 ||     1
  Eat: Chunk             |     1 |     6 ||     7
Armor: Ring mail         |    61 |       ||    61
       Chain mail        |       |    64 ||    64
Dodge: Dodged            |    88 |    40 ||   128

Table legend:
 A = Non-vault XP
 B = Vault XP
 C = Vault XP percentage of total XP
 D = Non-vault monster count
 E = Vault monster count
 F = Vault count percentage of total count
                 A         B        C        D         E       F
            +---------+---------+-------+---------+---------+-------
      Total |     288 |       0 |   0.0 |      65 |       0 |   0.0
            +---------+---------+-------+---------+---------+-------
        D:1 |      47 |       0 |   0.0 |      28 |       0 |   0.0
        D:2 |      69 |       0 |   0.0 |      17 |       0 |   0.0
        D:3 |      99 |       0 |   0.0 |      18 |       0 |   0.0
        D:4 |      73 |       0 |   0.0 |       2 |       0 |   0.0
            +---------+---------+-------+---------+---------+-------
